 Dungeon Crawl Stone Soup version 0.30.1-11-g7821555f0a (webtiles) character file.

Game seed: 16379992049641488670

63 Peloso the Shield-Bearer (level 3, -7/33 HPs)
             Began as a Minotaur Fighter on Dec 12, 2023.
             Mangled by a river rat (8 damage)
             ... in a sewer.
             The game lasted 00:02:07 (1058 turns).

Peloso the Shield-Bearer (Minotaur Fighter)         Turns: 1058, Time: 00:02:08

Health: -7/33      AC:  7    Str: 20    XL:     3   Next: 87%
Magic:  2/2        EV:  9    Int:  5    God:
Gold:   55         SH:  4    Dex: 11    Spells: 2/2 levels left

rFire   . . .        a - +0 long sword
rCold   . . .        c - +0 buckler
rNeg    . . .        b - +0 scale mail
rPois   .            (helmet restricted)
rElec   .            (no cloak)
rCorr   .            (no gloves)
SInv    .            (no boots)
Will    .....        (no amulet) Stlth
                     (no ring)
HPRegen 0.25/turn    (no ring)
MPRegen 0.08/turn

%: no passive effects
@: no status effects
A: horns 2, retaliatory headbutt
a: no special abilities


You were in a sewer.
You visited 1 branch of the dungeon, and saw 3 of its levels.
You also visited: Sewer.

You collected 55 gold pieces.

Inventory:

Hand Weapons
 a - a +0 long sword (weapon)
Armour
 b - a +0 scale mail (worn)
 c - a +0 buckler (worn)
Scrolls
 h - a scroll of amnesia
Potions
 d - 2 potions of might
 e - 2 potions of resistance {unknown}
 f - 4 potions of flight


   Skills:
 + Level 4.1 Fighting
 + Level 3.4 Long Blades
 + Level 4.1 Armour
 + Level 0.8 Dodging
 + Level 4.2 Shields


You had 2 spell levels left.
You didn't know any spells.
Your spell library was empty.

Dungeon Overview and Level Annotations

Branches:
Dungeon (3/15)              Sewer (1/1)

Altars:


Innate Abilities, Weirdness & Mutations

You have a pair of horns on your head.
You reflexively headbutt those who attack you in melee.


Message History

The river rat bites you but does no damage. x2
The river rat bites you.
You hit the river rat but do no damage.
The river rat is heavily wounded.
The river rat bites you but does no damage.
The river rat bites you. The river rat closely misses you.
You closely miss the river rat.
The river rat is heavily wounded.
The river rat closely misses you. The river rat bites you.
The river rat bites you but does no damage. x2
The river rat bites you. You block the river rat's attack.
Unknown command.
The river rat attacks as you move away! You block the river rat's attack.
The river rat bites you.
* * * LOW HITPOINT WARNING * * *
Unknown command.
The river rat attacks as you move away!
The river rat bites you but does no damage.
The river rat attacks as you move away!
The river rat bites you but does no damage.
Unknown command.
You closely miss the river rat. You headbutt the river rat.
The river rat is moderately wounded.
The river rat bites you.
* * * LOW HITPOINT WARNING * * *
Unknown command.
You barely miss the river rat.
The river rat is moderately wounded.
The river rat twitches its whiskers.
The river rat bites you.
* * * LOW HITPOINT WARNING * * *
Unknown command.
You hit the river rat.
The river rat is heavily wounded.
The river rat bites you.
* * * LOW HITPOINT WARNING * * *
The river rat bites you.
* * * LOW HITPOINT WARNING * * *
The river rat bites you!
You die...

#≈≈~# #~≈~# #..# #~≈~#
#≈≈~# #~≈.# #..# #~≈~#
#≈≈~# #.≈~# #..# #~≈~#
#≈≈~# #~≈~####..# #~≈~#
#≈≈~# #~≈.##.#..# #~≈~#
#≈≈~# #~≈~##.'..+ #~≈.#
#≈≈.# #~≈.##.'..+ #~≈.#
#≈≈~# #~≈~##.#rr# #.≈~#
#≈≈.# #.≈~## #@r# #~≈.#
#≈≈~# #~≈~# #~~# #.≈~#
#≈≈~# #.≈~# #~~# #.≈~#
#≈≈~###~≈~####~~####~≈.#
#≈≈~~~~~~~~~~~~~~~~~~≈~#
#≈≈≈≈≈≈≈≈≈≈≈≈≈~~≈≈≈≈≈≈~#
#≈≈≈~~~~.~~..~..~.~~~.~#
#≈≈≈.###############≈≈≈#
#≈≈~.# #≈≈≈#


You could see 3 river rats.

Vanquished Creatures
  2 adders
  A river rat (Sewer)
  A worm (Sewer)
  2 ball pythons (D:1)
  3 endoplasms
  3 giant cockroaches
  3 goblins
  2 hobgoblins (D:1)
  5 quokkas
  5 bats (Sewer)
  2 frilled lizards
  2 kobolds (D:1)
  A rat (D:3)
32 creatures vanquished.

Notes
Turn   | Place    | Note
-------+----------+-------------------------------------------
     0 | D:1      | Peloso the Minotaur Fighter began the quest for the Orb.
     0 | D:1      | Reached XP level 1. HP: 19/19 MP: 0/0
   216 | D:1      | Reached XP level 2. HP: 27/27 MP: 1/1
   376 | D:1      | Found a faded altar of an unknown god.
   660 | D:2      | You fall into a shaft and drop 1 floor!
   720 | D:3      | Reached XP level 3. HP: 33/33 MP: 2/2
   761 | D:3      | Found a glowing drain.
   781 | Sewer    | Entered a sewer
  1058 | Sewer    | HP: 1/33 [river rat (1)]
  1058 | Sewer    | Mangled by a river rat

Illustrated notes

Levels and vault maps discovered:
D:1:      dpeg_arrival_shelter, layout_basic,
          dreamdust_ecumenical_altar_hidden_monk_grotto
D:2:      layout_basic, serial_shops, nicolae_shop_tiny_waterfront,
          serial_forest, infiniplex_forest_clump_curved,
          infiniplex_forest_clump_curved, infiniplex_forest_lined_room_2,
          infiniplex_forest_straight_2, infiniplex_forest_end_1,
          infiniplex_forest_end_2
D:3:      layout_loops_ring, nemelex_xobeh_ov_fountains_minmay,
          gup_sewer_entry_pipe, minmay_misc_feat_x
Sewer:    sewer_fruit_machine

Skill      XL: |  1  2  3 |
---------------+----------+-----
Shields        | 4 |  4.2
Fighting       | 4 |  4.1
Armour         | 4 |  4.1
Long Blades    | 3 |  3.4
Dodging        | |  0.8

Action                     || total
---------------------------++-------
  Melee: Long sword        ||    94
         Headbutt          ||    10
    Use: Scroll            ||     2
         Potion            ||     1
 Armour: Scale mail        ||    53
  Dodge: Dodged            ||    46
  Block: Buckler           ||    20
